 Dungeon Crawl Stone Soup version 0.23-a0-767-gdc19b93 (webtiles) character file.

4252 Lanoc the Carver (level 10, -7/118 HPs)
             Began as a Demonspawn Berserker on Jan 19, 2019.
             Was an Elder of Trog.
             Killed from afar by a smoke demon (9 damage)
             ... with a ball of steam
             ... summoned by a kobold demonologist
             ... on level 9 of the Dungeon.
             The game lasted 00:15:58 (6012 turns).

Lanoc the Carver (Demonspawn Berserker)             Turns: 6012, Time: 00:15:59

Health: -7/118     AC: 25    Str: 20    XL:     10   Next: 10%
Magic:  10/10      EV:  2    Int: 13    God:    Trog [****..]
Gold:   460        SH:  0    Dex: 14    Spells: 9/9 levels left

rFire    . . .     SeeInvis +   a - +0 falchion
rCold    . . .     Gourm    .   (no shield)
rNeg     + + +     Faith    .   (armour currently unavailable)
rPois    +         Spirit   .   (helmet currently unavailable)
rElec    .         Reflect  .   (cloak currently unavailable)
rCorr    .         Harm     .   (gloves currently unavailable)
MR       .....     NoTele   +   (boots currently unavailable)
Stlth    +.........             u - amulet of regeneration
HPRegen  0.69/turn              B - +2 ring of evasion
MPRegen  0.12/turn              k - ring of see invisible

@: brilliant, lethally poisoned (-7 -> -40), tree-form, berserk cooldown,
slowed, very slow
A: rot immunity, freezing cloud immunity
a: Berserk, Trog's Hand, Brothers in Arms, Renounce Religion


You were on level 9 of the Dungeon.
You worshipped Trog.
Trog was greatly pleased with you.
You were near starving.
You were a tree.
You visited 1 branch of the dungeon, and saw 8 of its levels.
You also visited: Ossuary.

You collected 460 gold pieces.

Inventory:

Hand Weapons
 a - a +0 falchion (weapon)
Armour
 C - a +0 plate armour (melded)
 D - a +1 pair of boots (melded)
Jewellery
 j - an uncursed ring of protection from fire
 k - a ring of see invisible (right branch)
 u - an amulet of regeneration (around neck)
 B - a +2 ring of evasion (left branch)
Wands
 b - a wand of acid (10)
 s - a wand of digging (7)
 y - a wand of iceblast (22)
Scrolls
 e - 4 scrolls of remove curse
 i - 7 scrolls of immolation
 m - a scroll of noise {unknown}
 n - a scroll of enchant weapon {unknown}
 o - a scroll of fog
 w - 2 scrolls of random uselessness {unknown}
 x - a scroll of teleportation
 E - a scroll of magic mapping
 G - a scroll of enchant armour
Potions
 d - 3 potions of ambrosia
 f - 2 potions of mutation
 g - 3 potions of flight
 h - a potion of might
 l - 2 potions of brilliance
 p - 3 potions of lignification
 q - a potion of berserk rage
 r - 2 potions of heal wounds {unknown}
 t - 2 potions of curing {unknown}
 v - a potion of magic {unknown}
 z - 2 potions of agility {unknown}
 A - 2 potions of haste {unknown}
Comestibles
 c - 12 rations
 F - 9 chunks of flesh


   Skills:
 + Level 7.2 Fighting
 * Level 9.0 Long Blades
 + Level 6.2 Armour
 + Level 6.2 Dodging


You had 9 spell levels left.
You didn't know any spells.
Your spell library was empty.

Dungeon Overview and Level Annotations

Branches:
Dungeon (9/15)
 Temple: D:4-7         Lair: D:8-11         Orc: D:9-12

Altars:
Cheibriados
Dithmenos
Makhleb
Okawaru
Ru
Xom

Shops:
D:4 *   D:6 (


Innate Abilities, Weirdness & Mutations

((You have a pair of small horns on your head.))
((You are mostly covered in icy blue scales. (AC +3)))
((Your flesh is cold resistant. (rC+)))
You are immune to rotting.
You are immune to freezing clouds.


Message History

The big kobold hits you with a +0 dagger of venom.
* * * LOW HITPOINT WARNING * * *
The big kobold hits you but does no damage.
The smoke demon hits you but does no damage. x3
The kobold demonologist casts a spell.
It was a potion of berserk rage.
You're still recovering from your berserk rage.
* * * LOW HITPOINT WARNING * * *
You feel extremely sick. The big kobold completely misses you.
The big kobold hits you but does no damage.
The smoke demon hits you but does no damage. x3
The kobold demonologist barely misses you.
You riposte.
You hit the kobold demonologist.
The kobold demonologist is severely wounded.
The neqoxec gestures.
The big kobold hits you but does no damage. x2
The smoke demon gestures at you.
Helpless, you fail to dodge the ball of steam.
You die...

............
.................
#...###########.#
####...# #.# .
#......###########.#
..K
...................
..KK#
.................
.KKKKK###..#
######...
#KK♣..(##########...
#.KK3...............
#.3.5...(............
#55#############...##
#.. #...# #.. #.....
.. ...... ### .......
#######


You could see a kobold demonologist, a smoke demon, a neqoxec, 6 big kobolds, an
iron imp, 2 shadow imps and 5 kobolds.

Vanquished Creatures
  Pikel (D:6)
  A troll (D:9)
  A hippogriff (D:9)
  Sigmund (D:2)
  A spriggan (D:8)
  Menkaure (D:7)
  Duvessa (D:7)
  A water moccasin (D:6)
  An ice beast (D:6)
  A slave (D:6)
  A sky beast (D:7)
  An orc warrior (D:6)
  2 phantoms
  A centaur (D:9)
  An ogre (D:4)
  7 big kobolds (D:9)
  A bullfrog (D:7)
  Dowan (D:7)
  3 scorpions
  4 killer bees (D:7)
  2 jellies
  3 howler monkeys
  2 crimson imps (D:6)
  A centaur zombie (Ossuary)
  2 human zombies (Ossuary)
  6 hounds
  An orc priest (D:4)
  2 orc wizards
  An iguana (D:4)
  A gnoll shaman (D:6)
  Ijyb (D:3)
  Natasha (twice) (D:3)
  6 worker ants
  A killer bee zombie (D:7)
  5 mummies (Ossuary)
  A howler monkey zombie (D:6)
  4 gnolls (D:6)
  A howler monkey skeleton (D:4)
  8 adders
  3 oozes
  An adder skeleton (D:8)
  2 worms
  2 dart slugs (D:3)
  3 leopard geckos
  3 orcs
  8 bats
  9 giant cockroaches
  2 gnoll zombies (Ossuary)
  7 goblins
  9 hobgoblins
  6 jackals
  4 quokkas
  2 ball pythons
  9 frilled lizards
  2 goblin zombies (Ossuary)
  A hobgoblin zombie (Ossuary)
  2 jackal skeletons
  13 kobolds
  A quokka skeleton (D:4)
  4 rats
175 creatures vanquished.

Vanquished Creatures (others)
  An ogre (D:6)
  A slave (D:6)
2 creatures vanquished.

Grand Total: 177 creatures vanquished

Notes
Turn   | Place    | Note
-------+----------+-------------------------------------------
     0 | D:1      | Lanoc the Demonspawn Berserker began the quest for the Orb.
     0 | D:1      | Reached XP level 1. HP: 18/18 MP: 1/1
   179 | D:1      | Gained mutation: You have a pair of small horns on your
                  | head. [demonic ancestry]
   179 | D:1      | Reached XP level 2. HP: 24/24 MP: 2/2
   182 | D:1      | Reached skill level 3 in Long Blades
   858 | D:2      | Noticed Sigmund
   866 | D:2      | Killed Sigmund
   866 | D:2      | Reached ** piety under Trog
   866 | D:2      | Reached skill level 4 in Long Blades
   866 | D:2      | Gained mutation: Your flesh is cold resistant. (rC+)
                  | [demonic ancestry]
   866 | D:2      | Reached XP level 3. HP: 30/30 MP: 3/3
   866 | D:2      | Reached XP level 4. HP: 37/37 MP: 4/4
   866 | D:2      | Gained mutation: You are immune to rotting. [demonic
                  | ancestry]
   866 | D:2      | Reached XP level 5. HP: 42/42 MP: 5/5
  1286 | D:2      | Found a shadowy altar of Dithmenos.
  1913 | D:3      | Reached XP level 6. HP: 48/48 MP: 6/6
  2024 | D:3      | Found a sacrificial altar of Ru.
  2025 | D:3      | Noticed Natasha
  2036 | D:3      | Killed Natasha
  2257 | D:3      | Noticed Ijyb
  2270 | D:3      | Killed Ijyb
  2338 | D:3      | Reached *** piety under Trog
  2391 | D:3      | Noticed Natasha
  2393 | D:3      | Killed Natasha
  2525 | D:4      | Got a slimy robe
  2541 | D:4      | Reached skill level 5 in Long Blades
  2541 | D:4      | Gained mutation: You are immune to freezing clouds.
                  | [demonic ancestry]
  2541 | D:4      | Reached XP level 7. HP: 7/55 MP: 7/7
  2541 | D:4      | HP: 1/82 [worker ant (6)]
  2555 | D:4      | Identified the +1 robe "Josotuel" {-Cast Regen+ Int+6} (You
                  | found it on level 4 of the Dungeon)
  2689 | D:4      | Found Tinydur's Assorted Antiques.
  2743 | D:4      | Found a sand-covered staircase.
  2747 | Ossuary  | Entered an ossuary
  3158 | D:4      | Reached skill level 5 in Fighting
  3171 | D:4      | Reached **** piety under Trog
  3286 | D:4      | You fall through a shaft for 2 floors!
  3305 | D:6      | Noticed Pikel
  3323 | D:6      | Killed Pikel
  3323 | D:6      | Reached skill level 6 in Long Blades
  3323 | D:6      | Gained mutation: You are partially covered in icy blue
                  | scales. (AC +2) [demonic ancestry]
  3323 | D:6      | Reached XP level 8. HP: 62/63 MP: 8/8
  3555 | D:6      | Reached skill level 7 in Long Blades
  3662 | D:6      | Found Axoitel's Weapon Boutique.
  3739 | D:6      | Reached skill level 5 in Dodging
  4024 | D:6      | Found an iron altar of Okawaru.
  4032 | D:6      | Reached skill level 5 in Armour
  4035 | D:6      | Reached XP level 9. HP: 45/69 MP: 9/9
  4262 | D:6      | Found a burning altar of Makhleb.
  4322 | D:7      | Noticed Duvessa
  4322 | D:7      | Noticed Dowan
  4333 | D:7      | Killed Duvessa
  4335 | D:7      | Killed Dowan
  4429 | D:7      | Noticed Menkaure
  4434 | D:7      | Killed Menkaure
  4575 | D:7      | Reached skill level 8 in Long Blades
  4856 | D:7      | Found a shimmering altar of Xom.
  5885 | D:9      | Noticed a troll
  5893 | D:9      | Killed a troll
  5924 | D:9      | Found a snail-covered altar of Cheibriados.
  5978 | D:9      | Noticed a kobold demonologist
  5986 | D:9      | Gained mutation: You are mostly covered in icy blue scales.
                  | (AC +3) [demonic ancestry]
  5986 | D:9      | Reached XP level 10. HP: 79/79 MP: 10/10
  5993 | D:9      | Reached skill level 9 in Long Blades
  6007 | D:9      | Noticed a smoke demon
  6012 | D:9      | HP: 2/118 [poisoned by a big kobold]
  6012 | D:9      | Killed from afar by a smoke demon

Vault maps used:
D:1:      dpeg_chamrin_arrival_tetris, serial_forest,
          infiniplex_forest_clump_long, infiniplex_forest_corner_2,
          infiniplex_forest_lined_2, infiniplex_forest_lined_3,
          infiniplex_forest_diagonal, infiniplex_forest_lined_2,
          infiniplex_forest_clump_long, infiniplex_forest_clump_tiny,
          infiniplex_forest_clump_large, infiniplex_forest_lined_2
D:2:      minmay_skewed_foursquare, nicolae_overflow_crystal_walls,
          serial_bayou_pond_e, uniq_sigmund
D:3:      nicolae_ru_great_annihilating_truth, chequers_serial_rivers_small_a,
          uniq_natasha, uniq_ijyb
D:4:      nicolae_overflow_hidden_temple, serial_shops,
          nicolae_shop_overgrown_old_shop, nicolae_ossuary_entry_false_entrances
D:6:      kennysheep_little_box, serial_shops, shop,
          kennysheep_okawaru_gauntlet, uniq_pikel
D:7:      xom_teletrap_fun, uniq_menkaure, uniq_duvessa
D:8:      the_bakery, hangedman_abyss_or_decor_passed
D:9:      special_room, cheibriados_altar_1
Ossuary:  ossuary_crypta

Skill      XL: |  1  2  3  4  5  6  7  8  9 10 |
---------------+-------------------------------+-----
Dodging        | 2 3 4 5 6 |  6.2
Long Blades    | 4 5 6 7 8 9 |  9.0
Armour         | 2 3 4 5 6 |  6.2
Fighting       | 4 5 6 7 |  7.2

Action                   |  1- 3 |  4- 6 |  7- 9 | 10-12 || total
-------------------------+-------+-------+-------+-------++-------
Melee: Falchion          |    52 |   132 |   402 |    22 ||   608
       Headbutt          |     7 |    24 |   120 |     6 ||   157
Invok: Berserk           |     2 |     4 |    10 |       ||    16
       Trog's Hand       |       |       |     3 |       ||     3
  Use: Scroll            |       |       |    12 |       ||    12
       Potion            |       |       |       |     3 ||     3
 Stab: Sleeping          |       |     3 |       |       ||     3
       Paralysed         |       |     2 |       |       ||     2
       Distracted        |       |     1 |       |       ||     1
       Invisible         |       |     1 |       |       ||     1
  Eat: Chunk             |     1 |     9 |    22 |       ||    32
Armor: Animal skin       |     8 |    17 |       |       ||    25
       Robe              |       |       |    19 |       ||    19
       Plate armour      |       |       |   135 |    17 ||   152
       Skin              |       |       |       |    15 ||    15
Dodge: Dodged            |    40 |    80 |   229 |    21 ||   370
       Rpst.: Falchion   |    11 |    22 |    84 |     9 ||   126

Table legend:
 A = Non-vault XP
 B = Vault XP
 C = Vault XP percentage of total XP
 D = Non-vault monster count
 E = Vault monster count
 F = Vault count percentage of total count
                 A         B        C        D         E       F
            +---------+---------+-------+---------+---------+-------
      Total |    3484 |    2591 |  42.7 |     136 |      38 |  21.8
            +---------+---------+-------+---------+---------+-------
        D:1 |      32 |       0 |   0.0 |      20 |       0 |   0.0
        D:2 |      84 |     249 |  74.8 |      20 |       6 |  23.1
        D:3 |      88 |     116 |  56.9 |      18 |       6 |  25.0
        D:4 |     581 |       0 |   0.0 |      24 |       0 |   0.0
        D:6 |     901 |     697 |  43.6 |      21 |       1 |   4.5
        D:7 |     876 |     392 |  30.9 |      17 |       3 |  15.0
        D:8 |     183 |     211 |  53.6 |       9 |       1 |  10.0
        D:9 |     739 |     695 |  48.5 |       7 |       8 |  53.3
    Ossuary |       0 |     231 | 100.0 |       0 |      13 | 100.0
            +---------+---------+-------+---------+---------+-------
